 Dungeon Crawl Stone Soup version 0.26-a0-652-gafc20e3620 (webtiles) character file.

Game seed: 1437418790335314796

70695 kirranu the Severer (level 14, -4/133 HPs)
             Began as a Deep Dwarf Fighter on July 28, 2020.
             Was the Champion of Makhleb.
             Killed from afar by a blizzard demon (14 damage)
             ... with a bolt of cold
             ... summoned by the player character
             ... on level 2 of the Orcish Mines on Oct 3, 2020.
             The game lasted 00:56:42 (15050 turns).

kirranu the Severer (Deep Dwarf Fighter)           Turns: 15050, Time: 00:56:42

Health: -4/133     AC: 17    Str: 25    XL:     14   Next: 95%
Magic:  14/14      EV: 14    Int:  9    God:    Makhleb [******]
Gold:   1879       SH: 10    Dex: 17    Spells: 13/13 levels left

rFire    . . .     SeeInvis +   K - +7 broad axe
rCold    + . .     Faith    .   c - +2 buckler {rC+}
rNeg     + + .     Spirit   .   O - +5 scale mail of the Elephant {rCorr Dex+5}
rPois    +         Reflect  .   H - +0 helmet
rElec    .         Harm     .   p - +0 cloak
rCorr    +         Rampage  .   C - +0 pair of gloves
MR       +++..                  v - +0 pair of boots
Stlth    ..........             i - amulet of Zyfiumau {RegenMP rN+ SInv}
HPRegen  0.00/turn              w - ring of poison resistance
MPRegen  0.39/turn              X - ring of protection from magic

@: non-regenerating
A: damage resistance, heal wounds, negative energy resistance 1, sense
surroundings 2, no regeneration
a: Heal Wounds, Minor Destruction, Lesser Servant of Makhleb, Major Destruction,
Greater Servant of Makhleb, Renounce Religion


You were on level 2 of the Orcish Mines.
You worshipped Makhleb.
Makhleb was exalted by your worship.
You visited 4 branches of the dungeon, and saw 22 of its levels.
You also visited: Ice Cave.

You collected 1879 gold pieces.

Inventory:

Hand Weapons
 g - the +7 whip of Checkmate {freeze, rElec MR+}
   (You found it on level 6 of the Dungeon)

   It has been specially enchanted to freeze those struck by it, causing extra
   injury to most foes and up to half again as much damage against particularly
   susceptible opponents.
   It can also slow down cold-blooded creatures.
   It insulates you from electricity.
   It affects your resistance to hostile enchantments.
 B - the +7 war axe of the Twisting Big Fish {elec, +Blink MP+9 Str+4 Dex+2}
   (You found it on level 11 of the Dungeon)

   Occasionally, upon striking a foe, it will discharge some electrical energy
   and cause terrible harm.
   It affects your strength (+4).
   It affects your dexterity (+2).
   It affects your magic capacity (+9).
   It lets you blink.
 K - a +7 broad axe (weapon)
Armour
 c - a +2 buckler of cold resistance (worn)
 p - a +0 cloak (worn)
 v - a +0 pair of boots (worn)
 C - a +0 pair of gloves (worn)
 H - a +0 helmet (worn)
 O - the +5 scale mail of the Elephant (worn) {rCorr Dex+5}
   (You found it on level 3 of the Lair of Beasts)

   It affects your dexterity (+5).
   It provides partial protection from all sources of acid and corrosion.
Jewellery
 i - the amulet of Zyfiumau (around neck) {RegenMP rN+ SInv}
   (You found it on level 11 of the Dungeon)

   [amulet of magic regeneration]

   It increases your magic regeneration.
   It protects you from negative energy.
   It lets you see invisible.
 w - a ring of poison resistance (left hand)
 E - an uncursed ring of ice
 F - a +4 ring of evasion {unknown}
 T - an uncursed ring of protection from fire {unknown}
 X - a ring of protection from magic (right hand)
Wands
 m - a wand of paralysis (7)
 G - a wand of digging (3)
 V - a wand of iceblast (26)
Scrolls
 h - 2 scrolls of fog
 j - 11 scrolls of teleportation
 o - 13 scrolls of remove curse
 q - 7 scrolls of fear
 r - a scroll of holy word
 t - 5 scrolls of immolation
 x - 5 scrolls of amnesia {unknown}
 y - 2 scrolls of blinking {unknown}
 z - 4 scrolls of magic mapping
 I - a scroll of enchant armour {unknown}
 L - a scroll of acquirement {unknown}
 N - 2 scrolls of summoning {unknown}
 P - 2 scrolls of random uselessness {unknown}
 Y - a scroll of vulnerability {unknown}
Potions
 a - 2 potions of lignification
 b - 3 potions of cancellation
 d - 5 potions of might
 f - 3 potions of invisibility {unknown}
 k - 9 potions of ambrosia {unknown}
 l - 2 potions of resistance {unknown}
 n - 3 potions of berserk rage
 s - 3 potions of heal wounds
 u - 2 potions of stabbing {unknown}
 A - 2 potions of mutation {unknown}
 D - 8 potions of curing {unknown}
 J - a potion of brilliance {unknown}
 M - a potion of magic {unknown}
 R - a potion of flight {unknown}
 Z - 4 potions of haste {unknown}
Miscellaneous
 e - a tin of tremorstones (3/3)
 U - a phial of floods
 W - a box of beasts (3/3)


   Skills:
 + Level 10.9 Fighting
 * Level 16.7(17.1) Axes
   Level 5.5(11.0) Polearms
 - Level 6.5 Armour
 - Level 6.0 Dodging
 - Level 14.6 Shields
 - Level 8.0 Invocations
 - Level 6.0 Evocations


You had 13 spell levels left.
You didn't know any spells.
Your spell library contained the following spells:

 Spells                   Type           Power        Failure   Level
 Corona                   Hex            #......      65%         1
 Shock                    Conj/Air       #...         65%         1
 Summon Small Mammal      Summ           #...         65%         1
 Call Imp                 Summ           #.......     80%         2
 Ensorcelled Hibernation  Hex/Ice        #.....       80%         2
 Swiftness                Air            #.......     80%         2
 Call Canine Familiar     Summ           #.......     95%         3
 Confusing Touch          Hex            #.......     95%         3
 Dazzling Flash           Conj/Hex       #.....       95%         3
 Static Discharge         Conj/Air       #.......     95%         3
 Summon Guardian Golem    Hex/Summ       #.......     95%         3
 Tukima's Dance           Hex            #.......     95%         3
 Vampiric Draining        Necr           #.........   95%         3
 Airstrike                Air            #.........   100%        4
 Animate Dead             Necr           #.........   100%        4
 Dispel Undead            Necr           #.......     100%        4
 Leda's Liquefaction      Hex/Erth       #.........   100%        4
 Summon Ice Beast         Ice/Summ       #.......     100%        4
 Summon Lightning Spire   Summ/Air       #.......     100%        4
 Excruciating Wounds      Necr           #.........   100%        5
 Lightning Bolt           Conj/Air       #.........   100%        5
 Chain Lightning          Conj/Air       #.........   100%        8
 Lehudib's Crystal Spear  Conj/Erth      #.........   100%        8
 Absolute Zero            Ice            #.........   100%        9
 Fire Storm               Conj/Fire      #.........   100%        9


Dungeon Overview and Level Annotations

Branches:
Dungeon (13/15)            Temple (1/1) D:4            Lair (6/6) D:9
 Shoals (0/4) Lair:3       Spider (0/4) Lair:4        Slime (0/5) Lair:6
    Orc (2/2) D:10          IceCv (visited)
    Elf: Orc:2       Vaults: D:13-14

Altars:
Ashenzari
Cheibriados
Dithmenos
Elyvilon
Fedhas
Gozag
Hepliaklqana
Kikubaaqudgha
Makhleb
Nemelex Xobeh
Okawaru
Qazlal
Ru
Sif Muna
Trog
Uskayaw
Vehumet
Wu Jian
Xom
Yredelemnul
Zin
The Shining One
Beogh
Jiyva

Shops:
D:5 *}::   Orc:2 }

Annotations:
Lair:1 exclusion: oklob plant


Innate Abilities, Weirdness & Mutations

You are resistant to damage.
You can heal yourself by infusing magical energy.
You resist negative energy. (rN+)
You passively map the area around you.
You do not regenerate.


Message History

The blizzard demon is almost dead.
You block the blizzard demon's attack.
The blizzard demon hits you but does no damage.
You barely miss the blizzard demon.
The blizzard demon is severely wounded.
You completely miss the blizzard demon.
The blizzard demon is severely wounded.
The blizzard demon waves its arms in wide circles.
The air twists around and strikes you!
* * * LOW HITPOINT WARNING * * *
You hit the blizzard demon.
The blizzard demon is almost dead.
The blizzard demon gestures at you. The bolt of cold hits you! You resist.
* * * LOW HITPOINT WARNING * * *
You slash the blizzard demon!
The blizzard demon is almost dead.
The blizzard demon gestures at you. The bolt of cold hits you! You resist.
You die...

###........## ##......#,
, #...........# #........
* ,,
............###........,
, * ,
..............#.......
..............)....... ,
, ..............)...#..#
, , ......#.......)...# ,
* .....###.........## ,
....####..$.∩...@### , ,,
,
......#....)))..2.......
,
.....###....)##........<
, ,,
......#.....##..........
,,
##.........###..........,
**
#..........###.........
#.......#.## #####....< *
##....##### *...$.**
###..# , **


You could see a blizzard demon (summoned).

Vanquished Creatures
  Jorgrun (Orc:1)
  Kirke (Lair:5)
  A dire elephant (Lair:6)
  The ghost of Otaah the Fighter, a journeyman GnWn of Sif Muna (Lair:3)
  Erolcha (D:12)
  Harold (D:11)
  A catoblepas (Lair:6)
  7 hydras
  A two-headed ogre (D:9)
  A centaur warrior (D:10)
  A deep troll shaman (Lair:6)
  An ogre mage (D:10)
  A queen ant (Lair:3)
  11 death yaks (Lair:6)
  Sonja (Lair:6)
  2 orc high priests
  An unseen horror (D:10)
  A necromancer (IceCv)
  An orc knight (Orc:1)
  2 ugly things
  2 deep elf magi (D:10)
  3 orc sorcerers
  14 elephants
  A cyclops (D:12)
  Maurice (D:12)
  5 black mambas
  An ice statue (IceCv)
  A rime drake (Lair:5)
  5 cane toads
  9 komodo dragons
  7 freezing wraiths (IceCv)
  2 queen bees (Lair:3)
  A troll (Orc:1)
  2 hornets (Lair:3)
  A meliai (D:10)
  7 polar bears
  Grinder (D:5)
  9 blink frogs
  9 hippogriffs
  A snapping turtle (Lair:3)
  2 wyverns
  Eustachio (D:6)
  11 yaks
  4 basilisks
  Grum (Lair:1)
  4 hogs (Lair:5)
  A warg (Orc:1)
  2 acid dragons
  8 soldier ants (Lair:3)
  14 water moccasins
  4 porcupines
  Duvessa (D:5)
  18 ice beasts
  5 sky beasts
  3 phantoms
  12 orc warriors
  3 black bears
  5 ogres
  4 boggarts (Lair:4)
  49 wolves
  8 centaurs
  13 crocodiles
  3 big kobolds
  Blork the orc (D:4)
  8 bullfrogs
  3 scorpions
  Dowan (D:5)
  A wyvern skeleton (D:8)
  A water moccasin skeleton (D:12)
  A swamp dragon simulacrum (IceCv)
  38 killer bees
  8 wights
  2 electric eels (Lair:3)
  7 howler monkeys
  2 centaur zombies
  A quasit (D:6)
  5 bullfrog zombies
  3 draconian simulacra (IceCv)
  5 hounds
  4 jellies
  2 centaur skeletons
  12 orc priests
  3 bullfrog skeletons
  8 orc wizards
  14 iguanas
  Natasha (twice) (D:2)
  A spriggan simulacrum (IceCv)
  32 worker ants
  2 polar bear simulacra (IceCv)
  A wolf simulacrum (IceCv)
  3 centaur simulacra (IceCv)
  A hound zombie (D:11)
  2 hound skeletons
  2 worker ant zombies
  2 ogre simulacra (IceCv)
  9 adders
  2 naga simulacra (IceCv)
  3 shadow imps
  8 white imps
  3 ufetubi
  3 oozes
  An adder zombie (D:8)
  An adder skeleton (D:7)
  3 worms
  2 dart slugs
  4 leopard geckos
  59 orcs
  3 bats
  6 giant cockroaches
  7 goblins
  4 hobgoblins
  14 jackals
  4 quokkas
  A ball python (D:3)
  A ball python skeleton (D:6)
  A ball python zombie (D:5)
  3 frilled lizards
  16 kobolds
  A quokka zombie (D:5)
  4 rats
637 creatures vanquished.

Vanquished Creatures (collateral kills)
  A meliai (Lair:3)
1 creature vanquished.

Vanquished Creatures (others)
  3 humans (Lair:5)
  11 fungi
  18 plants
32 creatures vanquished.

Grand Total: 670 creatures vanquished

Notes
Turn   | Place    | Note
-------+----------+-------------------------------------------
     0 | D:1      | kirranu the Deep Dwarf Fighter began the quest for the Orb.
     0 | D:1      | Reached XP level 1. HP: 20/20 MP: 1/1
   120 | D:1      | Reached XP level 2. HP: 18/27 MP: 2/2
   237 | D:1      | Reached skill level 3 in Axes
   532 | D:2      | Reached XP level 3. HP: 33/33 MP: 2/2
   658 | D:2      | Reached skill level 4 in Axes
   801 | D:2      | Noticed Natasha
   809 | D:2      | Killed Natasha
   809 | D:2      | Reached XP level 4. HP: 20/40 MP: 3/3
   868 | D:2      | Noticed Natasha
   883 | D:2      | Killed Natasha
   960 | D:3      | Reached XP level 5. HP: 26/46 MP: 3/3
  1002 | D:3      | Reached skill level 5 in Axes
  1335 | D:3      | Found a snail-covered altar of Cheibriados.
  1777 | D:4      | Noticed Blork the orc
  1791 | D:4      | Killed Blork the orc
  1791 | D:4      | Reached XP level 6. HP: 49/55 MP: 4/4
  1819 | D:4      | Reached skill level 5 in Armour
  1833 | D:4      | Found a staircase to the Ecumenical Temple.
  1865 | D:4      | Reached skill level 6 in Axes
  2133 | Temple   | Entered the Ecumenical Temple
  2413 | D:5      | Entered Level 5 of the Dungeon
  2433 | D:5      | Noticed Grinder
  2453 | D:5      | Killed Grinder
  2453 | D:5      | Reached skill level 7 in Axes
  2453 | D:5      | Reached XP level 7. HP: 19/61 MP: 5/5
  2460 | D:5      | Found Oquotet's Book Emporium.
  2480 | D:5      | Noticed Dowan
  2480 | D:5      | Noticed Duvessa
  2498 | D:5      | Killed Dowan
  2502 | D:5      | Killed Duvessa
  2502 | D:5      | Reached skill level 8 in Axes
  2522 | D:5      | Found a shattered altar of Ashenzari.
  2600 | D:5      | Identified the +7 glaive "Leviticus" {flame, rElec rF++
                  | rC-}
  2655 | D:5      | Found Catweyn's Gadget Shop.
  2664 | D:5      | Reached skill level 1 in Polearms
  2664 | D:5      | Reached XP level 8. HP: 32/68 MP: 6/6
  2996 | D:5      | Found a glowing golden altar of the Shining One.
  3049 | D:5      | Found Rutaguduch's Book Shoppe.
  3156 | D:5      | Found Cuxuk's General Store.
  3169 | D:5      | Found a shimmering blue altar of Sif Muna.
  3215 | D:6      | Found a hide-covered altar of Uskayaw.
  3228 | D:6      | Got a crystal shortbow
  3349 | D:6      | Found a radiant altar of Vehumet.
  3451 | D:6      | Noticed Eustachio
  3458 | D:6      | Killed Eustachio
  3555 | D:6      | Found an ornate altar of the Wu Jian Council.
  3657 | D:6      | Found an iron altar of Okawaru.
  3658 | D:6      | Found a bloodstained altar of Trog.
  3697 | D:6      | Found an iron altar of Okawaru.
  3717 | D:6      | Reached skill level 5 in Polearms
  3830 | D:6      | Found a burning altar of Makhleb.
  3855 | D:6      | Got a bone whip
  3863 | D:6      | Became a worshipper of Makhleb the Destroyer
  3865 | D:6      | Identified the +7 whip of Checkmate {freeze, rElec MR+}
                  | (You found it on level 6 of the Dungeon)
  4278 | D:7      | Reached skill level 9 in Axes
  4318 | D:7      | Gained mutation: You passively map the area around you.
                  | [Deep Dwarf growth]
  4318 | D:7      | Reached XP level 9. HP: 28/74 MP: 4/4
  4432 | D:7      | Found an ornate altar of the Wu Jian Council.
  4432 | D:7      | Found a glowing silver altar of Zin.
  4434 | D:7      | Found a shadowy altar of Dithmenos.
  4737 | D:8      | Reached * piety under Makhleb
  4883 | D:8      | Reached skill level 10 in Axes
  4917 | D:8      | Reached skill level 5 in Shields
  5020 | D:8      | Found a sparkling altar of Nemelex Xobeh.
  5256 | D:8      | Identified the +5 shortbow "Kateima" {flame, Int+3 Dex+4}
                  | (You found it on level 6 of the Dungeon)
  5612 | D:9      | Found a staircase to the Lair.
  5637 | D:9      | Found a burning altar of Makhleb.
  5752 | D:9      | Reached skill level 11 in Axes
  5777 | D:9      | Reached ** piety under Makhleb
  5886 | D:9      | Noticed a two-headed ogre
  5896 | D:9      | Killed a two-headed ogre
  5896 | D:9      | Reached XP level 10. HP: 51/81 MP: 5/5
  6397 | D:10     | Entered Level 10 of the Dungeon
  6413 | D:10     | Reached skill level 12 in Axes
  6604 | D:10     | Noticed a centaur warrior
  6605 | D:10     | Noticed an ogre mage
  6607 | D:10     | Noticed a deep elf mage
  6615 | D:10     | Noticed a deep elf mage
  6620 | D:10     | Killed an ogre mage
  6622 | D:10     | Killed a centaur warrior
  6622 | D:10     | Reached skill level 13 in Axes
  6630 | D:10     | Killed a deep elf mage
  6675 | D:10     | Reached *** piety under Makhleb
  6680 | D:10     | Killed a deep elf mage
  6695 | D:10     | Identified the Disquisition on Dusty Dark Magic
  6731 | D:10     | Upgraded the game from 0.26-a0-451-gacbe401039 to
                  | 0.26-a0-652-gafc20e3620
  6748 | D:10     | Found a runed translucent door.
  6748 | D:10     | Found a runed translucent door.
  6748 | D:10     | Noticed an unseen horror
  6778 | D:10     | Killed an unseen horror
  6778 | D:10     | Reached XP level 11. HP: 42/88 MP: 5/5
  7005 | D:10     | Found a staircase to the Orcish Mines.
  7343 | D:11     | Reached skill level 14 in Axes
  7412 | D:11     | Noticed Harold
  7424 | D:11     | Killed Harold
  7465 | D:11     | Noticed a four-headed hydra
  7479 | D:11     | Killed a four-headed hydra
  7521 | D:11     | Noticed a red ugly thing
  7529 | D:11     | Killed a red ugly thing
  7603 | D:11     | Reached skill level 10 in Shields
  7771 | D:11     | Got a scintillating steel amulet
  7783 | D:11     | Reached skill level 15 in Axes
  7811 | D:11     | Got a polished war axe
  7812 | D:11     | Identified the +7 war axe of the Twisting Big Fish {elec,
                  | +Blink MP+9 Str+4 Dex+2} (You found it on level 11 of the
                  | Dungeon)
  8106 | D:12     | Reached **** piety under Makhleb
  8128 | D:12     | Noticed a six-headed hydra
  8130 | D:12     | Noticed Erolcha
  8140 | D:12     | Killed a six-headed hydra
  8157 | D:12     | Killed Erolcha
  8165 | D:12     | Identified the amulet of Zyfiumau {RegenMP rN+ SInv} (You
                  | found it on level 11 of the Dungeon)
  8260 | D:12     | Reached XP level 12. HP: 92/96 MP: 6/6
  8503 | D:12     | Noticed Maurice
  8512 | D:12     | Killed Maurice
  8796 | Lair:1   | Entered Level 1 of the Lair of Beasts
  8946 | Lair:1   | Noticed Grum
  8953 | Lair:1   | Reached skill level 5 in Fighting
  8953 | Lair:1   | Reached ***** piety under Makhleb
  8973 | Lair:1   | Killed Grum
  9535 | Lair:2   | Noticed a five-headed hydra
  9551 | Lair:2   | Killed a five-headed hydra
  9869 | Lair:2   | Noticed an eight-headed hydra
  9878 | Lair:2   | Killed an eight-headed hydra
 10274 | Lair:2   | Reached XP level 13. HP: 115/115 MP: 7/7
 10696 | Lair:3   | Reached skill level 1 in Invocations
 10772 | Lair:3   | Noticed Otaah's ghost (journeyman GnWn)
 10876 | Lair:3   | Found a transporter.
 10879 | Lair:3   | Found a transporter.
 11012 | Lair:3   | Killed Otaah's ghost
 11053 | Lair:3   | Got an ichor-stained scale mail
 11064 | Lair:3   | Identified the +5 scale mail of the Elephant {rCorr Dex+5}
                  | (You found it on level 3 of the Lair of Beasts)
 11286 | Lair:3   | Reached ****** piety under Makhleb
 11569 | Lair:3   | Found a staircase to the Shoals.
 11710 | Lair:4   | Reached skill level 5 in Invocations
 11914 | Lair:4   | Found a hole to the Spider Nest.
 12501 | Lair:5   | Noticed Kirke
 12512 | Lair:5   | Killed Kirke
 12759 | Lair:5   | Found a frozen archway.
 12793 | IceCv    | Entered an ice cave
 12848 | IceCv    | Gained mutation: You resist negative energy. (rN+) [Deep
                  | Dwarf growth]
 12848 | IceCv    | Reached XP level 14. HP: 121/129 MP: 13/13
 12886 | IceCv    | Reached skill level 1 in Evocations
 13549 | Lair:6   | Entered Level 6 of the Lair of Beasts
 13554 | Lair:6   | Reached skill level 16 in Axes
 13554 | Lair:6   | Reached skill level 1 in Dodging
 13588 | Lair:6   | Reached skill level 10 in Fighting
 13872 | Lair:6   | Found a viscous altar of Jiyva.
 13872 | Lair:6   | Found a staircase to the Slime Pits.
 14389 | Lair:6   | Noticed Sonja
 14391 | Lair:6   | Killed Sonja
 14406 | Lair:6   | Reached skill level 5 in Dodging
 14609 | Orc:1    | Entered Level 1 of the Orcish Mines
 14617 | Orc:1    | Reached skill level 5 in Evocations
 14790 | Orc:1    | Noticed Jorgrun
 14819 | Orc:1    | HP: 5/133 [Jorgrun/uncursed staff of earth (4)]
 14821 | Orc:1    | HP: 2/133 [Jorgrun/uncursed staff of earth (3)]
 14825 | Orc:1    | Killed Jorgrun
 14872 | Orc:1    | Found a roughly hewn altar of Beogh.
 14940 | Orc:2    | Entered Level 2 of the Orcish Mines
 14971 | Orc:2    | Found Zusohut's Gadget Emporium.
 15050 | Orc:2    | Killed from afar by a blizzard demon

Illustrated notes

Levels and vault maps discovered:
D:1:      lightli_arrival_noodles, layout_rooms
D:2:      layout_rooms, uniq_natasha
D:3:      layout_loops_ring, overflow_temple_1_default,
          chequers_serial_rivers_micro_d, kennysheep_small_spiral,
          minmay_randomly_rotated_circles
D:4:      layout_rooms, minmay_temple_entry_wispy, uniq_blork_the_orc
D:5:      layout_basic, evilmike_ruin_ashenzari, led_sif_pool, serial_shops,
          shop, shop, shop, kennysheep_mini, minmay_misc_feat_room,
          minivault_11, nrook_pool_corridor, tso_metal_star, uniq_grinder,
          uniq_duvessa
D:6:      layout_loops_corners, eat_drink_and_be_merry_uskayaw, bloody_makhleb,
          vehumet_crystals, grunt_temple_overflow_bloody_war, basic_altar,
          okawaru_gym_becter, uniq_eustachio
D:7:      layout_loops_cross, chequers_temple_overflow_statue_of_worship
D:8:      layout_loops_corners, nemelex_spade_bored_becter
D:9:      layout_irregular_city, lair_entry_dummy, basic_altar
D:10:     minmay_the_grid_triangle_9x9_recursive_2
          [minmay_the_grid_triangle_9x9_prize_schism,
          minmay_the_grid_triangle_9x9_tough_junction,
          minmay_the_grid_triangle_9x9_steps,
          minmay_the_grid_triangle_9x9_swiss_cheese], layout_basic, orc_0_dummy,
          dk_noncrumbling_4
D:11:     layout_loops_cross, uniq_harold
D:12:     layout_roguey, uniq_erolcha, uniq_maurice
D:13:     layout_loops_cross, hangedman_vaults_entry_quadrant_bands,
          serial_glass, glass_columns_b, glass_columns_a,
          chequers_serial_rivers_micro_b, chequers_serial_rivers_small_3,
          minmay_puff
Temple:   minmay_temple_curvy_loop
Lair:1:   beast_lair_carwin_large_4, layout_chaotic_city,
          minmay_lair_oklob_items, grunt_forest_large_clearings, uniq_grum
Lair:2:   beast_lair_carwin_large_2, layout_cave_pods, serial_bayou_shore_b
Lair:3:   layout_roguey, minmay_shoals_entry_hut, special_room
          [special_room_bee], gammafunk_ghost_hive, zaba_antful_of_joy,
          lemuel_fruit_tree
Lair:4:   layout_roguey, spider_nest_entry_web_field, kilobyte_rumbling_trees,
          infiniplex_staircase_pool_2, serial_bayou_shore_a
Lair:5:   layout_gridlike, portal_ice_cave_entry_ice_beasts, st_stairs_13,
          grunt_megastairs_2, uniq_kirke
Lair:6:   grunt_lair_end_beastmaster, layout_hall_layers, slime_altar_1,
          lemuel_fruit_fields, uniq_sonja
Orc:1:    layout_caves, minmay_orc_temple_a, uniq_urug, uniq_jorgrun
Orc:2:    st_orc_elflike, layout_diamond_mine, serial_shops, shop

Skill      XL: |  1  2  3  4  5  6  7  8  9 10 11 12 13 14 |
---------------+-------------------------------------------+-----
Axes           | 3 4 5 7 8 9 11 13 15 16 | 16.7
Armour         | 4 5 6 |  6.5
Polearms       | 1 5 |  5.5
Shields        | 4 6 9 10 13 14 | 14.6
Fighting       | 7 9 10 | 10.9
Invocations    | 7 8 |  8.0
Evocations     | 6 |  6.0
Dodging        | 6 |  6.0

Action                   |  1- 3 |  4- 6 |  7- 9 | 10-12 | 13-15 || total
-------------------------+-------+-------+-------+-------+-------++-------
Melee: War axe           |    80 |   164 |    43 |   268 |   561 ||  1116
       Glaive            |       |       |    91 |       |       ||    91
       Broad axe         |       |       |   290 |   274 |   188 ||   752
       Whip              |       |       |       |    43 |    28 ||    71
Invok: Lesser Servant of |       |       |       |     1 |     2 ||     3
       Greater Servant o |       |       |       |       |     1 ||     1
 Abil: Heal Wounds       |     1 |     2 |    10 |     7 |     4 ||    24
Evoke: Tin of tremorston |       |       |       |       |     1 ||     1
  Use: Scroll            |     2 |     6 |     6 |     3 |     9 ||    26
       Potion            |       |       |     1 |     1 |     4 ||     6
 Stab: Petrified         |       |       |       |       |     7 ||     7
Armor: Scale mail        |    54 |       |   214 |   179 |   225 ||   672
       Chain mail        |     6 |    94 |    15 |       |       ||   115
Dodge: Dodged            |    38 |    61 |   131 |   124 |   212 ||   566
Block: Other             |     4 |    37 |    42 |       |       ||    83
       Reflection        |       |     1 |    11 |    23 |       ||    35
       Kite shield       |       |       |   245 |   428 |   271 ||   944
       Buckler           |       |       |       |       |   157 ||   157

Table legend: (Time is in decaauts)
 A = Elapsed time spent in this place.
 B = Non-inter-level travel time spent in this place.
 C = Inter-level travel time spent in this place.
 D = Time resting spent in this place.
 E = Time spent auto-exploring this place.
 F = Levels seen in this place.
 G = Mean time per level.
                   A        B        C        D        E       F      G
               +--------+--------+--------+--------+--------+-----+--------+
         Total |  14890 |  14246 |    644 |    431 |   9468 |  23 |  647.4 |
       Dungeon |   8734 |   8349 |    385 |    100 |   5720 |  13 |  671.8 |
        Temple |    207 |    180 |     27 |      0 |    179 |   1 |  207.0 |
          Lair |   5222 |   5000 |    222 |    327 |   3297 |   6 |  870.3 |
  Orcish Mines |    422 |    413 |      9 |      4 |    214 |   2 |  211.0 |
      Ice Cave |    303 |    303 |      0 |      0 |     57 |   1 |  303.0 |
               +--------+--------+--------+--------+--------+-----+--------+

Top non-repeatable levels by time:
  Lair:3: 1053 daAuts
  Lair:2: 1036 daAuts
    D:10: 1000 daAuts
     D:8: 892 daAuts
  Lair:6: 886 daAuts
     D:6: 876 daAuts
     D:3: 843 daAuts
     D:9: 822 daAuts
     D:5: 806 daAuts
  Lair:4: 789 daAuts
  Lair:5: 735 daAuts
  Lair:1: 720 daAuts
    D:11: 703 daAuts
     D:7: 697 daAuts
    D:12: 668 daAuts
